[Event "German Bundesliga 2024-25"]
[Site "Germany"]
[Date "2025.01.11"]
[Round "5"]
[White "Gledura, Benjamin"]
[Black "Nasuta, Grzegorz"]
[Result "1-0"]
[Annotator "TA"]
[ECO "B13"]
[WhiteElo "2652"]
[BlackElo "2497"]
[PlyCount "59"]
[EventDate "2024.09.27"]
[EventType "team-tourn"]
[EventCountry "GER"]
[TimeControl "40/5400+30:1800+30"]

1. c4 c6 2. e4 d5 3. exd5 cxd5 4. d4 Nf6 5. Nc3 Nc6 6. Nf3 Bg4 7. cxd5 Nxd5 8. Qb3 Bxf3 9. gxf3 e6 10. Qxb7 Nxd4 11. Bb5+ Nxb5 12. Qc6+ Ke7 13. Qc5+ {[%emt 0:00:30] A sharp opening B13: Caro-Kann: Exchange Variation and Panov-Botvinnik Attack.} Nd6 14. Nxd5+ exd5 15. O-O {[%emt 0:00:30] The position is equal.} Qc8 16. Qxd5 Qb7 $1 17. Qh5 $5 {[%emt 0:00:30][%mdl 4] now scores much better than the old 17.Qe5+. Exploring less charted territory.} Kd7 $146 (17... Ke8 $11 18. Re1+ Be7) (17... Qb5 18. Re1+ Kd7 19. Re5 Qd3 20. Qg4+ Kd8 21. Qa4 f6 22. Qa5+ Kd7 23. Qa4+ Kd8 {1-0 Van Foreest,J (2695)-Keymer,V (2690) Berlin Armageddon Euro&Africa L 2023 (2.1)}) 18. Rd1 $14 {[%emt 0:30:30][%cal Oc1f4][%mdl 1024] White has compensation.} Re8 $2 {[%emt 0:11:30] [#]} (18... g6 $14 19. Qg4+ f5 20. Qa4+ Qc6) 19. Bf4 $1 $18 g6 (19... Qxb2 20. Qxf7+ Kd8 21. Bxd6 (21. Rab1 $2 Qxb1 $19) 21... Bxd6 22. Rxd6+ Kc8 23. Qf5+ Kb8 24. Rb1 $18) 20. Qa5 Re6 (20... Qxb2 $2 21. Rab1 (21. Qxa7+ Ke6 $18) 21... Qe2 22. Qxa7+ Ke6 23. Re1 $18) 21. Rac1 g5 (21... Qxb2 22. Qxa7+ Kd8 23. Qa8+ (23. Qxf7 Qxc1 24. Bxc1 Re1+ 25. Kg2 Rxd1 $18) (23. Rb1 Bg7 $18)) 22. Bg3 (22. Bxg5 f6 23. Bf4 (23. Qa4+ Ke7 $17) 23... Rg8+ (23... Qxf3 24. Qxa7+) 24. Bg3 a6 $15 (24... Qxb2 25. Qxa7+ Kd8 26. Qa8+ Kd7 27. Qc8+ Ke7 28. Rc7#)) 22... Rg8 (22... Qxf3 23. Rc7+ (23. Qxg5 Qb7 $11) 23... Kd8 24. Rxa7+ (24. Rxf7+ Ke8 $18) 24... Ke8 25. Qa4+) 23. Qa4+ $2 (23. Rd3 $18 {and Rb3 should not be overlooked} a6 (23... Qxb2 24. Rc7+ Kd8 25. Rxa7+ Ke8 26. Ra8+ Kd7 27. Qd8+ Kc6 28. Ra6+ Kb7 29. Qa8+ Kc7 30. Ra7+ Kb6 31. Qb8+) 24. Rb3) 23... Ke7 $16 {[%emt 0:00:42][%cal Bd7e7,Be7f6,Bf6e5,Be5f4][%mdl 32] [#] Strongly threatening ...Kf6.} 24. Rc6 $1 {[%emt 0:02:05] White is more active.} Ne8 {[%emt 0:03:29][%mdl 8192] [#]} (24... Rgg6 $2 25. Bxd6+ (25. Rdxd6 Qxc6 26. Qxc6 Rxd6 $18) 25... Rxd6 26. Rdxd6 $18) (24... Nb5 $16 {is a better chance.} 25. Qa5 Kf6 (25... Rxc6 26. Qd8+ Ke6 27. Re1+ Kf5 28. Re5+ Kg6 29. Qxg5#) 26. Rxe6+ fxe6 (26... Kxe6 $2 27. Qd8 $18)) 25. Qd4 $1 $18 Qa8 {[%emt 0:11:53] Repels Qd8+} (25... Bg7 26. Rxe6+) 26. Qd7+ Kf6 {[%emt 0:00:06] [#]} 27. Be5+ $1 Kxe5 (27... Kg6 28. Rxe6+) 28. Rxe6+ {[%emt 0:00:19] White mates.} fxe6 29. Re1+ (29. Qxh7 $2 {loses.} Rg7 (29... Qxf3 30. Re1+ Kd6 31. Qxg8 $15) 30. Re1+ Kd6 31. Qd3+ Ke7 $19) 29... Kf4 30. Qf7+ {[%emt 0:00:09] Weighted Error Value: White=0.40/Black=1.11  Loses game:     	---       	Black=2      Missed win:     	White=1     	---        Mistake:       	---       	Black=1      Inaccurate:     	---       	Black=3      OK:         	White=7     	Black=2      Best:        	White=1     	Black=2      Strong:       	White=2     	Black=1} 1-0

[Event "German Bundesliga 2024-25"]
[Site "Germany"]
[Date "2025.01.11"]
[Round "5"]
[White "Moussard, Jules"]
[Black "Ferreira, Jorge Viterbo"]
[Result "1/2-1/2"]
[Annotator "TA"]
[ECO "C79"]
[WhiteElo "2599"]
[BlackElo "2523"]
[PlyCount "40"]
[EventDate "2024.09.27"]
[EventType "team-tourn"]
[EventCountry "GER"]
[TimeControl "40/5400+30:1800+30"]

1. e4 e5 2. Nf3 Nc6 3. Bb5 a6 4. Ba4 d6 5. O-O Bd7 6. c3 g6 7. d4 Bg7 8. Re1 b5 9. Bb3 Nf6 10. Nbd2 {[%emt 0:09:30][%cal Bb1d2,Bd2f1,Bf1g3][%mdl 32] C79: Ruy Lopez: Steinitz-type lines with 3...a6 4 Ba4 Nf6 5 0-0 d6.} O-O 11. h3 Re8 12. Bc2 Na5 13. Nf1 c5 14. Ng3 cxd4 $146 (14... Qc7 15. dxe5 dxe5 16. Nh2 Rad8 17. Qf3 Qb6 18. h4 h5 19. Bg5 Rc8 20. Rad1 Rc7 {0-1 Saravana,K (2340)-Seo,J (2466) Titled Tuesday intern op 25th Jan blitz 2022 (10)}) 15. cxd4 exd4 16. Nxd4 Nc6 17. Nf3 {[%emt 0:11:30] The position is equal.} Ne5 18. Bb3 Bc6 19. Nxe5 dxe5 20. Qxd8 Rexd8 {[%emt 0:02:30] An uneventful encounter.   Weighted Error Value: White=0.13 (very precise) /Black=0.08 (flawless)   Inaccurate:     	White=1     	Black=1      OK:         	White=3     	Black=5} 1/2-1/2

[Event "German Bundesliga 2024-25"]
[Site "Germany"]
[Date "2025.01.11"]
[Round "5"]
[White "Lodici, Lorenzo"]
[Black "Dardha, Daniel"]
[Result "0-1"]
[Annotator "TA"]
[ECO "B33"]
[WhiteElo "2574"]
[BlackElo "2606"]
[PlyCount "76"]
[EventDate "2024.09.27"]
[EventType "team-tourn"]
[EventCountry "GER"]
[SourceTitle "playchess.com"]
[Source "ChessBase"]
[SourceQuality "1"]
[WhiteTeam "Heimbach-Weis-Neuwied"]
[BlackTeam "Deizisau"]
[TimeControl "40/5400+30:1800+30"]

1. e4 c5 2. Nf3 Nc6 3. d4 cxd4 4. Nxd4 Nf6 5. Nc3 e5 6. Ndb5 d6 7. Bg5 a6 8. Na3 b5 9. Nd5 Be7 10. Bxf6 Bxf6 11. c4 b4 {[%emt 0:01:00] B33: Sicilian: Pelikan and Sveshnikov Variations.} 12. Nc2 O-O 13. Qf3 Bg5 {[%emt 0:07:30] The position is equal.} 14. h4 Bh6 15. g4 {[%emt 0:00:30][%cal Og4g5] [#]} Bf4 16. Be2 $14 (16. Ndxb4 Nxb4 17. Nxb4 Qa5 $11) (16. Ncxb4 Nd4 17. Qd1 Rb8 $11) 16... Be6 17. Nxf4 (17. Ncxb4 $6 Nd4 18. Qc3 a5 $11) (17. Ndxb4 Nxb4 18. Nxb4 Qb6 $11) 17... exf4 18. Qxf4 Ne5 19. b3 $146 (19. Nxb4 Rb8 20. Nd3 Bxc4 (20... Nxc4 21. g5 $11) 21. Nxe5 Qa5+ 22. b4 (22. Qd2 $2 Qxe5 23. Qe3 Bxe2 $19) 22... Rxb4 $19 (22... Qxe5 $2 23. Qxe5 dxe5 24. Bxc4 $18) (22... Qxb4+ 23. Qd2 $15)) ({White should try} 19. Ne3 $16) (19. Ne3 Qb6 20. Rd1 a5 21. h5 f6 22. Qg3 b3 23. a3 Rad8 24. f4 Nc6 25. g5 fxg5 {1-0 Mendez Fortes,E (2231)-Zhigalko,S (2572) Titled Tuesday intern op 12th Dec Late blitz 2023 (4)}) 19... Bxg4 $1 20. Ne3 {[%emt 0:00:00] Prevents f5.} f5 21. exf5 Qe8 (21... Bxe2 22. Kxe2 Qd7 23. Rag1 $16) (21... Bxf5 $11 {remains equal.} 22. Nxf5 Qd7) 22. Rd1 (22. Bxg4 $2 Nd3+ 23. Kf1 Nxf4 $19) (22. Qe4 $1 $16 Bxe2 23. Kxe2) 22... Rxf5 $1 $11 23. Qe4 (23. Nxf5 $2 Nd3+ 24. Kf1 Qxe2+ (24... Nxf4 $2 25. Bxg4 Qe4 26. Rh2 $19) 25. Kg1 Nxf4 $19) 23... Bxe2 24. Qxf5 Bxd1 25. Kxd1 a5 26. f4 Ng6 27. h5 $36 {[%emt 0:04:30][%mdl 2048] White is pushing.} Ne7 28. Qe4 Ra7 (28... Rd8 $14) 29. h6 {[%emt 0:11:29] Qd4 is the strong threat.} Qg6 30. f5 $1 Qf6 {[%emt 0:00:06] Black is weak on the light squares} 31. hxg7 Kxg7 {[%emt 0:01:16] [#]} 32. Ke2 $1 a4 33. bxa4 (33. Ng4 $16 Qb2+ 34. Kf3) 33... Rxa4 $15 34. Rg1+ (34. Rb1 $11) 34... Kf8 $17 {[%emt 0:00:14] Dancing on a razor blade.} 35. Kf3 $2 {[%emt 0:01:03][%mdl 8192] [#] This costs White the game.} (35. Qe6 $17 {might work better.} Rxa2+ 36. Kd3 Ra3+ 37. Ke2 Qxe6 38. fxe6) 35... Ra3 $1 $19 (35... Rxa2 36. Rh1 $17) 36. Rf1 $2 (36. Ke2 Rxa2+ 37. Kf3) 36... Nxf5 (36... Qxf5+ $2 {loses.} 37. Kg2 $18) 37. Kg4 Nxe3+ ({Less strong is} 37... Rxe3 38. Qxf5 Qxf5+ 39. Kxf5 $17) 38. Qxe3 Qxf1 {[%emt 0:00:07] Weighted Error Value: White=0.60/Black=0.10 (very precise)   Loses game:     	White=1     	---        Mistake:       	White=5     	Black=3      Inaccurate:     	White=2     	Black=1      OK:         	White=8     	Black=10     Best:        	White=4     	Black=2      Strong:       	White=2     	Black=3} 0-1

[Event "German Bundesliga 2024-25"]
[Site "Germany"]
[Date "2025.01.11"]
[Round "5"]
[White "Livaic, Leon"]
[Black "Kollars, Dmitrij"]
[Result "1/2-1/2"]
[Annotator "TA"]
[ECO "E04"]
[WhiteElo "2557"]
[BlackElo "2641"]
[PlyCount "133"]
[EventDate "2024.09.27"]
[EventType "team-tourn"]
[EventCountry "GER"]
[TimeControl "40/5400+30:1800+30"]

1. d4 Nf6 2. c4 e6 3. Nf3 d5 4. g3 dxc4 5. Bg2 Nc6 6. Qa4 Bb4+ 7. Bd2 Nd5 8. Bxb4 Ndxb4 9. a3 b5 10. Qxb5 Nc2+ {[%emt 0:00:30] E04: Open Catalan: 5 Nf3.} 11. Kd2 (11. Kf1 $11 Rb8 (11... Nxa1 12. Ne5 $16) 12. Qxc6+ Bd7 13. Qxc4 Rxb2 (13... Nxa1 14. b4 $14) 14. Ne5 (14. Qc3 Qb8 $11) 14... Nxa1 15. Be4) 11... Nxa1 (11... Bd7 $17 12. Kxc2 Nxd4+ 13. Nxd4 Bxb5 14. Nxb5 Rb8) 12. Qxc6+ $11 Bd7 13. Qxc4 c5 $1 $132 {[%emt 0:08:00][%mdl 2048] Black is not keeping still} 14. Qa2 $1 cxd4 15. Rc1 {[%emt 0:27:30] Prevents Rc8} (15. Qxa1 Qf6 $16) 15... O-O 16. Qxa1 e5 17. Ke1 $16 (17. Nxe5 Qa5+ 18. b4 Qxe5 $19) 17... Qf6 $146 (17... Be6 18. Nbd2 f6 19. Qb1 Rb8 20. Kf1 Qb6 21. b4 Rfc8 22. Ne1 Qa6 23. Rxc8+ Rxc8 {½-½ Oganian,M (2411)-Iljin,T (2320) Sochi Amateur op 6th 2019 (8)}) 18. Nbd2 Rac8 {[%emt 0:00:00] Inhibits Rc5.} 19. b3 Rxc1+ 20. Qxc1 Rc8 21. Nc4 Be6 22. Qb2 (22. Nfxe5 $2 Qxe5 23. h3 Qb5 $19) 22... Rc5 23. Nfxe5 Rxe5 24. Nxe5 Qxe5 $18 {[%emt 0:00:02][%mdl 4096] Endgame [#] KQB-KQB. White is a pawn up.} 25. e3 $1 g6 (25... h5 26. Qxd4) 26. Qxd4 Qa5+ 27. Qb4 Qe5 (27... Qxb4+ $2 28. axb4 Bxb3 29. Kd2 $18) 28. Bf3 h5 29. Bd1 $1 Qa1 (29... Qd5 $16 30. Qb8+ Kh7) 30. Kd2 Qf6 31. f4 Qb2+ 32. Bc2 Qa1 33. Qb8+ Kh7 34. Qxa7 Qg1 35. Qc5 Qxh2+ 36. Kc3 Kg8 37. Qg5 Kf8 (37... Bg4 38. f5 Qxg3) 38. e4 Qh1 39. f5 Qa1+ 40. Kd2 Qd4+ 41. Ke2 gxf5 42. exf5 Bc8 43. Qe3 (43. Qxh5 Ba6+ 44. Ke1 Qe3+ 45. Kd1 Qg1+ 46. Kd2 Qd4+ 47. Kc1 Qa1+ 48. Kd2 Qd4+ 49. Kc1 Qa1+ 50. Kd2 Qd4+ $11) 43... Ba6+ 44. Kf2 Qf6 45. Qc5+ Kg8 46. Ke1 $1 Qg5 {[%emt 0:02:34] [#] and ...Qc1+ should not be overlooked} 47. Qe5 $1 Qc1+ 48. Bd1 Qxa3 $2 {[%emt 0:00:31] [#]} (48... Qg5 49. a4 Kh7) 49. f6 $1 (49. Bxh5 Qxb3 50. Qe8+ Kg7 $11) 49... Qb4+ 50. Kf2 Qb6+ (50... Kf8 {was worth a try.} 51. Bxh5 Bd3) 51. Kg2 Qc6+ 52. Kh2 Bd3 53. Qg5+ ({Not} 53. Qxh5 Qxf6 54. Qg4+ Bg6 $11) (53. Bxh5 $18 {Threatening mate with Qg5+.} Qc2+ 54. Kg1 (54. Kh3 Bf5+ 55. Kh4 Be6 $18) 54... Qxb3 55. Qg5+ (55. Qe8+ Kh7 $18) 55... Kf8 56. Qh6+ (56. Qg7+ Ke8 $18) 56... Ke8 57. Qe3+ Kf8 58. Qe7+ Kg8 59. Qe8+ Kh7 60. Qxf7+ (60. Bxf7 Qb6+ 61. Kg2 Qb2+ 62. Kf3 Qxf6+ 63. Ke3 Bb5 $11) 60... Qxf7 61. Bxf7) 53... Bg6 $14 54. Bxh5 (54. Qf4 $16) 54... Qc2+ $11 55. Kh3 Qe4 56. Kh2 Qc2+ 57. Kg1 Qb1+ 58. Kf2 {[%emt 0:00:35] Bxg6 is the strong threat.} Qc2+ 59. Be2 Qxb3 60. Qe3 Qxe3+ (60... Qb2 $11 {remains equal.}) 61. Kxe3 {[%emt 0:00:06] KB-KB. White is a pawn up.} Bc2 62. Kf4 Kf8 63. g4 Bb3 64. g5 Bd5 65. Bd3 Bb3 66. g6 (66. Ke5 $16) 66... fxg6 67. Bxg6 {[%emt 0:00:02] Blacks defense is rewarded with a draw.   Weighted Error Value: White=0.22 (precise) /Black=0.28 (precise)   Missed win:     	White=1     	---        Mistake:       	White=3     	Black=7      Inaccurate:     	---       	Black=1      OK:         	White=25    	Black=22     Best:        	White=8     	Black=5      Strong:       	White=4     	Black=1} 1/2-1/2

[Event "German Bundesliga 2024-25"]
[Site "Germany"]
[Date "2025.01.11"]
[Round "5"]
[White "Heimann, Andreas"]
[Black "Winterberg, Lukas"]
[Result "1/2-1/2"]
[Annotator "TA"]
[ECO "D27"]
[WhiteElo "2553"]
[BlackElo "2410"]
[PlyCount "48"]
[EventDate "2024.09.27"]
[EventType "team-tourn"]
[EventCountry "GER"]
[SourceTitle "playchess.com"]
[Source "ChessBase"]
[SourceQuality "1"]
[WhiteTeam "Deizisau"]
[BlackTeam "Heimbach-Weis-Neuwied"]
[TimeControl "40/5400+30:1800+30"]

1. d4 d5 2. c4 dxc4 3. Nf3 Nf6 4. e3 e6 5. Bxc4 c5 6. O-O Nc6 7. Qe2 a6 8. a4 cxd4 9. Rd1 Be7 10. exd4 O-O 11. Nc3 Nb4 12. Qe5 Bd6 13. Qg5 Nfd5 14. Qg4 f5 (14... Qc7 $142 15. Bb3 Nf4) 15. Qh5 $11 Qc7 16. Bb3 h6 17. Nxd5 Nxd5 18. Bxh6 gxh6 19. Bxd5 $1 exd5 20. Qg6+ ({Of course not} 20. Qxh6 Bf4 21. Qh4 Rf7 $17) 20... Kh8 {[%emt 0:00:30] Hoping for ...Bf4.} 21. Qxh6+ Kg8 22. Qg6+ Kh8 23. Qh6+ Kg8 24. Qg6+ Kh8 1/2-1/2

[Event "German Bundesliga 2024-25"]
[Site "Germany"]
[Date "2025.01.11"]
[Round "5"]
[White "Zilka, Stepan"]
[Black "Kamsky, Gata"]
[Result "1-0"]
[Annotator "TA"]
[ECO "C67"]
[WhiteElo "2539"]
[BlackElo "2609"]
[PlyCount "121"]
[EventDate "2024.09.27"]
[EventType "team-tourn"]
[EventCountry "GER"]
[TimeControl "40/5400+30:1800+30"]

1. e4 e5 2. Nf3 Nc6 3. Bb5 Nf6 4. O-O Nxe4 5. Re1 Nd6 6. Nxe5 Be7 7. Bf1 Nxe5 8. Rxe5 O-O 9. Nc3 {[%emt 0:00:00] C67: Ruy Lopez: Berlin Defence: 4 0-0 Nxe4.} Bf6 10. Re1 b6 11. d4 {[%emt 0:05:30] White is slightly better.} Bb7 12. Bf4 Nf5 13. d5 Bg5 $146 {[%emt 0:02:30] Black is weak on the light squares} (13... d6 14. Qh5 Ne7 15. Rad1 Ng6 16. Bc1 Bxc3 17. bxc3 Re8 18. c4 Qd7 19. f4 Rxe1 20. Rxe1 {½-½ Guliyev,N (2528)-Injac,T (2383) EU-ch 23rd Vrnjacka Banja 2023 (2)}) 14. Qg4 Bxf4 15. Qxf4 Nd6 16. Re3 Re8 17. Rae1 Rxe3 18. Rxe3 Qf6 (18... a5 $14) 19. Qxf6 $16 gxf6 20. Bd3 h6 21. Kf1 Kf8 22. Ke2 {[%emt 0:04:30] White is more active.} Re8 23. Rxe8+ Kxe8 {[%emt 0:00:30][%mdl 4096] Endgame KBN-KBN} 24. Ke3 Ke7 25. Kf4 a5 26. a3 Kf8 27. g3 Ke7 28. h4 Kf8 29. b4 axb4 30. axb4 Ke7 31. Kg4 Kf8 32. Bf1 Kg7 33. Kf4 Kg6 (33... Kf8 $16 34. Bd3 Ke7) 34. Bd3+ Kg7 35. Bf5 Bc8 36. Bh3 Kf8 37. Ne4 Nxe4 38. Kxe4 {[%emt 0:00:30] KB-KB} Ke7 39. Kd4 Kd6 40. c4 Bb7 41. Bg2 Ba6 42. Be4 (42. b5 $142 Bb7 43. Ke4) 42... Ke7 $2 {[%emt 0:04:49][%mdl 8192] This move loses the game for Black.} (42... c5+ $16 {was necessary.} 43. dxc6 dxc6) 43. f4 Bc8 44. Bf5 Bb7 $2 (44... Ba6 45. b5 Bb7) 45. g4 $18 Ba6 46. h5 Bb7 47. Ke3 (47. b5 $142 {[%cal Og4g5] g5! would now be deadly.} Bc8 48. c5 bxc5+ 49. Kxc5) 47... Ba6 $2 (47... c6 48. d6+ Kxd6) 48. b5 Bb7 49. Kf3 c6 {[%emt 0:03:46] [#]} 50. Bxd7 $1 cxb5 (50... cxd5 51. Bc6) 51. Bxb5 Bc8 52. Kg3 Kd6 53. Kh4 Ke7 54. g5 hxg5+ 55. fxg5 Bf5 {[%emt 0:00:04] [#]} 56. d6+ $1 {[%emt 0:04:27][%mdl 512] White mates.} Kxd6 57. gxf6 Ke5 58. Kg5 Be4 59. h6 Kd6 60. Be8 Ke6 {[%emt 0:00:06] [#]} 61. Bc6 $1 {[%emt 0:00:22] Weighted Error Value: White=0.13 (very precise) /Black=0.63  Loses game:     	---       	Black=1      Mistake:       	White=2     	Black=3      Inaccurate:     	White=1     	Black=1      OK:         	White=19    	Black=14     Best:        	White=3     	Black=3} 1-0

[Event "German Bundesliga 2024-25"]
[Site "Germany"]
[Date "2025.01.11"]
[Round "5"]
[White "Kosakowski, Jakub"]
[Black "Dautov, Rustem"]
[Result "1/2-1/2"]
[Annotator "TA"]
[ECO "B12"]
[WhiteElo "2516"]
[BlackElo "2568"]
[PlyCount "153"]
[EventDate "2024.09.27"]
[EventType "team-tourn"]
[EventCountry "GER"]
[TimeControl "40/5400+30:1800+30"]

1. e4 c6 2. d4 d5 3. e5 Bf5 4. h4 h5 5. c4 e6 6. Nc3 dxc4 7. Bxc4 Nd7 8. Nge2 Be7 9. g3 Nh6 10. Bf4 Qb6 11. Qd2 Qb4 12. Bd3 Bxd3 13. Qxd3 Nf5 14. Bd2 Qb6 15. Qe4 O-O-O 16. O-O-O Qa6 17. Kb1 Nb6 18. Bc1 Nd5 19. Nxd5 cxd5 20. Qd3 Qxd3+ 21. Rxd3 Kd7 22. Bd2 Rc8 23. Rc1 Rc4 24. b3 Rxc1+ 25. Bxc1 Rc8 26. Ng1 a5 27. Bd2 Bd8 28. Nf3 b5 29. Rc3 Rxc3 30. Bxc3 b4 31. Bb2 Nh6 32. Ne1 Ng4 33. Nd3 g5 34. hxg5 Bxg5 35. a3 bxa3 36. Bc3 h4 37. gxh4 Bxh4 38. Bxa5 Nxf2 39. Nxf2 Bxf2 40. Bc3 Bh4 41. Ka2 Be7 42. b4 Kc6 43. Kxa3 Kb5 44. Kb3 Bh4 45. Bd2 Bf2 46. Bc3 $1 Be3 47. Bb2 Bd2 48. Bc3 $1 Bxc3 49. Kxc3 Ka4 50. b5 $1 Kxb5 51. Kb3 Kb6 52. Kb2 Kb7 53. Kb1 Kb8 54. Kb2 $1 Kc7 55. Kc1 Kd7 56. Kd1 Ke7 57. Ke1 f6 58. exf6+ Kf7 (58... Kxf6 $5 59. Kf2 $8 Kg6 $11) 59. Kf1 Kg6 (59... Kxf6 $5 60. Kf2 $8 Kg6 $11) 60. Kg2 Kxf6 61. Kf2 $1 Ke7 62. Ke1 Kd6 63. Kd2 $1 Kd7 64. Kd1 Kc7 (64... Kc6 $5 65. Kc2 $8 Kd7 $11) 65. Kc1 Kc8 (65... Kb6 $5 66. Kb2 $8 Ka6 $11) 66. Kc2 Kd8 67. Kd2 Ke7 68. Ke1 $1 Kf7 69. Kf1 $1 Kf8 (69... Kg6 $5 70. Kg2 $8 Kg5 $11) 70. Kf2 $1 Ke8 71. Ke2 Kd8 72. Kd2 Kd7 73. Kd1 $1 Kc6 (73... Kd6 $5) 74. Kc2 Kc7 (74... Kb5 $5 75. Kb3 $8 Kb6 $11) 75. Kc1 $1 Kd6 (75... Kb6 $5 76. Kb2 $8 Kb7 $11) 76. Kd2 Ke7 77. Ke1 1/2-1/2

[Event "German Bundesliga 2024-25"]
[Site "Germany"]
[Date "2025.01.11"]
[Round "5.1"]
[White "Tabatabaei, M. Amin"]
[Black "Kazakouski, Valery"]
[Result "1-0"]
[Annotator "TA"]
[ECO "C54"]
[WhiteElo "2668"]
[BlackElo "2567"]
[PlyCount "67"]
[EventDate "2024.09.27"]
[EventType "team-tourn"]
[EventCountry "GER"]
[TimeControl "40/5400+30:1800+30"]

1. e4 e5 2. Nf3 Nc6 3. Bc4 Bc5 4. d3 Nf6 5. O-O h6 6. c3 d6 7. Re1 (7. b4 $5 Bb6 $8 8. a4 $11) 7... O-O {[%emt 0:00:15] C54: Giuoco Piano: 4 c3 Nf6, main lines with 5 d4 and 5 d3.} 8. Nbd2 a5 {[%emt 0:00:33] 8...Bb6 is the hot move.} 9. h3 Be6 {[%emt 0:01:52] The position is equal.} 10. b3 Ba7 11. a4 Nh5 $146 (11... Re8 12. Bb5 Bd7 13. Bb2 Ne7 14. Bxd7 Qxd7 15. d4 Ng6 16. Qc2 Qc6 17. c4 Qd7 {0-1 Niemann,H (2675)-Santos Latasa,J (2612) Titled Tuesday intern op 06th Feb Early blitz 2024 (10)}) 12. Nf1 Qf6 13. Ra2 {[%emt 0:13:41] A sharp opening} Nf4 14. Ng3 g6 {[%emt 0:12:55] [#]} (14... Ng6 $14) 15. d4 $1 $16 {[%emt 0:02:35] Black is now going downhill.} Bxc4 16. bxc4 Kh7 17. Be3 Nd8 (17... Rfe8 $16 18. Bxf4 exf4) 18. Rb2 Nde6 19. Rxb7 {[%emt 0:04:09] [#]} Bb6 (19... Rfd8 20. Nf1 Qe7) 20. c5 $1 $18 Nd8 (20... dxc5 21. Nxe5 Rfd8) 21. Rxb6 cxb6 22. cxd6 (22. cxb6 $6 Nb7 23. Bxf4 exf4) 22... Nc6 (22... Qxd6 {was necessary.} 23. Nxe5 (23. dxe5 Qxd1 24. Rxd1 Nde6 $11) 23... Nde6) 23. dxe5 Nxe5 24. Nxe5 (24. Bxb6 Nxf3+ 25. Qxf3 (25. gxf3 Nxh3+ 26. Kf1 Qxc3 $16) 25... Qxd6 $11) 24... Qxe5 25. Qd2 ({Don't play} 25. Bxb6 $6 Ne6 $18) (25. d7 $6 Ne6 26. Qd5 (26. Bxb6 Qxc3 27. e5 Qb4 $14) 26... Qxc3 $18) 25... Ne6 (25... g5 $142 26. Rb1 (26. Bxb6 Rab8 $18) 26... Rfd8 27. Rxb6 (27. Bxb6 Qxd6 28. Qa2 Rd7 $16) 27... Rab8) 26. f4 ({Weaker is} 26. Bxh6 Rfd8 $14) (26. Bxb6 Rab8 27. Be3 Rfc8 $16) 26... Qg7 27. Bxb6 Ra6 28. Bf2 Qf6 29. f5 Ng7 (29... Qe5 $142 30. fxe6 Rxd6) 30. e5 {[%emt 0:00:54][%cal Be4e5,Be5d6][%mdl 32] White is clearly winning.} Qd8 31. Ne4 {[%emt 0:02:09] Strongly threatening Nf6+.} Nxf5 {[%emt 0:03:33] Black is weak on the dark squares} 32. g4 Nxd6 33. exd6 f5 34. Qd3 {[%emt 0:00:32] Weighted Error Value: White=0.14 (very precise) /Black=0.74  Mistake:       	---       	Black=7      Inaccurate:     	White=1     	Black=1      OK:         	White=9     	Black=3      Best:        	White=4     	---        Strong:       	White=1     	---} 1-0

[Event "German Bundesliga 2024-25"]
[Site "Germany"]
[Date "2025.01.11"]
[Round "5.1"]
[White "Warmerdam, Max"]
[Black "Carlsen, Magnus"]
[Result "0-1"]
[Annotator "TA"]
[ECO "E67"]
[WhiteElo "2653"]
[BlackElo "2831"]
[PlyCount "66"]
[EventDate "2024.09.27"]
[EventType "team-tourn"]
[EventCountry "GER"]
[SourceTitle "playchess.com"]
[Source "ChessBase"]
[SourceQuality "1"]
[WhiteTeam "SG Solingen"]
[BlackTeam "St. Pauli"]
[TimeControl "40/5400+30:1800+30"]

1. c4 e5 2. g3 g6 3. d4 d6 4. Nf3 Nd7 5. Nc3 Bg7 6. Bg2 Ngf6 7. O-O O-O 8. Qc2 Re8 9. Rd1 e4 10. Ne1 Nb6 11. c5 (11. Bxe4 Nxe4 12. Nxe4 Bf5 $17) (11. Bg5 $1 $14) 11... Nbd5 $1 $15 12. cxd6 (12. Bxe4 $2 Nxc3 13. bxc3 Nxe4 $19 (13... Rxe4 $2 14. f3 $19)) (12. Nxe4 Nxe4 13. Bxe4 Nb4 $17) 12... Qxd6 13. Bg5 (13. Bxe4 $2 Nxc3 14. bxc3 Rxe4 $19 (14... Nxe4 $2 15. f3 $19)) 13... e3 14. f3 Nxc3 15. bxc3 Nd5 {[%emt 0:00:36] Dodges Bf4} 16. c4 h6 $1 17. cxd5 hxg5 18. Rac1 Bf5 19. Qb3 {[%emt 0:05:04] White is weak on the dark squares} Rab8 20. Qc4 ({White should play} 20. Nc2 $15) 20... Rbd8 $17 21. f4 gxf4 22. Qxc7 fxg3 23. Qxd6 Rxd6 24. hxg3 Ra6 25. Bf3 Bf8 {[%emt 0:01:02] Black is much more active.} 26. g4 Be4 27. Rc7 $2 (27. a4 $17 {was called for.}) 27... Rxa2 $19 28. Kf1 Rd2 (28... Bd6 29. Rxb7 Kg7 (29... Rd2 30. Ra1 $15) 30. Rb3 $17) 29. Ra1 Rxd4 ({Less strong is} 29... Bd6 30. Rxb7 Rxd4 31. Rbxa7 $15) 30. Rxa7 Bxd5 {[%emt 0:05:11] Strongly threatening ...Bd6.} 31. Bxd5 Rxd5 32. Kg2 Rd2 33. Kf3 $2 (33. Rc2) 33... Rd1 0-1

[Event "German Bundesliga 2024-25"]
[Site "Germany"]
[Date "2025.01.11"]
[Round "5.1"]
[White "Fridman, Daniel"]
[Black "Grandelius, Nils"]
[Result "1/2-1/2"]
[Annotator "TA"]
[ECO "D10"]
[WhiteElo "2581"]
[BlackElo "2639"]
[PlyCount "105"]
[EventDate "2024.09.27"]
[EventType "team-tourn"]
[EventCountry "GER"]
[SourceTitle "playchess.com"]
[Source "ChessBase"]
[SourceQuality "1"]
[WhiteTeam "Muelheim Nord"]
[BlackTeam "Hamburg"]
[TimeControl "40/5400+30:1800+30"]

1. d4 d5 2. c4 c6 3. cxd5 cxd5 4. Bf4 Nc6 5. e3 Nf6 6. Nc3 a6 7. Bd3 Bg4 8. Nge2 e6 9. Rc1 Bxe2 10. Qxe2 g6 11. Bg5 Be7 12. O-O Nd7 13. Bxe7 Qxe7 14. Na4 O-O 15. Nc5 Nxc5 16. Rxc5 e5 17. Rxd5 exd4 18. exd4 Qxe2 19. Bxe2 Rad8 20. Bc4 b5 21. Bb3 Nxd4 22. Rd1 Rxd5 23. Bxd5 Ne6 24. Kf1 Rd8 25. Ke1 Rd6 26. b4 Kf8 27. Bb7 Rb6 28. Bc8 Rc6 29. Bb7 Rb6 30. Bf3 Ke7 31. h4 a5 32. bxa5 Ra6 33. Bd5 Nf4 34. Bb7 Rxa5 35. g3 Ne6 36. Bd5 b4 37. Bb3 Re5+ 38. Kf1 Rc5 39. Re1 Rb5 40. Re4 Kd6 41. Ke2 h6 42. Ke3 g5 43. hxg5 hxg5 44. Kf3 Ke7 45. Ba4 Rb8 46. Kg4 Kf6 47. Bb3 Rb5 48. f3 Rb8 49. Rc4 Rb6 50. f4 gxf4 51. gxf4 Rb5 52. Rc6 Ke7 53. Bxe6 1/2-1/2